 Dungeon Crawl Stone Soup version 0.23.0 (webtiles) character file.

Game seed: 14090697719883844686

24 tidbits the Charmwright (level 3, 20/31 HPs)
             Began as a Gnoll Skald on Feb 11, 2019.
             Quit the game on level 1 of the Dungeon.
             The game lasted 00:01:41 (190 turns).

tidbits the Charmwright (Gnoll Skald)                Turns: 190, Time: 00:01:42

Health: 20/31      AC:  3    Str: 13    XL:     3   Next: 2%
Magic:  5/9        EV: 14    Int: 16    God:
Gold:   12         SH:  0    Dex: 14    Spells: 0/11 levels left

rFire    . . .     SeeInvis .   a - +0 spear
rCold    . . .     Gourm    .   (no shield)
rNeg     . . .     Faith    .   b - +0 leather armour
rPois    .         Spirit   .   (no helmet)
rElec    .         Reflect  .   (no cloak)
rCorr    .         Harm     .   (no gloves)
MR       .....                  (no boots)
Stlth    +.........             (no amulet)
HPRegen  0.10/turn              (no ring)
MPRegen  0.11/turn              (no ring)

@: infused (expiring)
A: distributed training, fangs 1, strong nose
a: no special abilities


You were on level 1 of the Dungeon.
You were full.

You visited 1 branch of the dungeon, and saw 1 of its levels.

You collected 12 gold pieces.

Inventory:

Hand Weapons
 a - a +0 spear (weapon)
Missiles
 f - 18 sling bullets
Armour
 b - a +0 leather armour (worn)
Scrolls
 c - a scroll of enchant armour {unknown}
Potions
 e - a potion of brilliance {unknown}
Comestibles
 d - a ration


   Skills:
 + Level 4.5 Fighting
 + Level 0.5 Short Blades
 + Level 0.5 Long Blades
 + Level 0.5 Axes
 + Level 0.5 Maces & Flails
 + Level 4.5 Polearms
 + Level 0.5 Staves
 + Level 0.5 Slings
 + Level 0.5 Bows
 + Level 0.5 Crossbows
 + Level 0.5 Throwing
 + Level 2.5 Armour
 + Level 4.5 Dodging
 + Level 0.5 Stealth
 + Level 0.5 Shields
 + Level 0.5 Unarmed Combat
 + Level 4.9 Spellcasting
 + Level 0.4 Conjurations
 + Level 0.4 Hexes
 + Level 5.4 Charms
 + Level 0.4 Summonings
 + Level 0.4 Necromancy
 + Level 0.4 Translocations
 + Level 0.4 Transmutations
 + Level 0.4 Fire Magic
 + Level 0.4 Ice Magic
 + Level 0.4 Air Magic
 + Level 0.4 Earth Magic
 + Level 0.4 Poison Magic
 + Level 0.7 Invocations
 + Level 0.5 Evocations


You couldn't memorise any spells.
You knew the following spells:

 Your Spells              Type           Power        Failure   Level  Hunger
g - Shroud of Golubria    Chrm/Tloc      ##........   9%          2    ##.....
i - Infusion              Chrm           ###.         2%          1    None
r - Regeneration          Chrm/Necr      ##........   19%         3    ###....
w - Spectral Weapon       Hex/Chrm       ##......     19%         3    ###....
y - Song of Slaying       Chrm           ###.....     3%          2    ##.....

Your spell library contained the following spells:

 Spells                   Type           Power        Failure   Level  Hunger


Dungeon Overview and Level Annotations

Branches:
Dungeon (1/15)

Altars:


Innate Abilities, Weirdness & Mutations

Your experience applies equally to all skills.
You have very sharp teeth.
Your uncanny sense of smell can sniff out nearby items.


Message History

The goblin is moderately wounded.
The bat closely misses you. The goblin misses you.
You hit the goblin.
You kill the goblin!
The bat closely misses you.
You hit the hobgoblin.
The hobgoblin is moderately wounded.
The bat misses you. The bat hits you but does no damage.
The hobgoblin closely misses you.
You completely miss the hobgoblin.
The hobgoblin is moderately wounded.
The bat misses you. The hobgoblin hits you with a +0 club. The bat misses you.
You barely miss the hobgoblin.
The hobgoblin is moderately wounded.
The bat barely misses you. The bat completely misses you.
The hobgoblin closely misses you.
You hit the hobgoblin.
You kill the hobgoblin!
The bat barely misses you.
You hit the giant cockroach.
You kill the giant cockroach!
The bat closely misses you. The goblin barely misses you.
You barely miss the goblin. Your bite misses the goblin.
The bat barely misses you. The goblin hits you but does no damage.
You closely miss the bat. You bite the bat, but do no damage.
The bat barely misses you. The goblin closely misses you.
You miss the bat. The bat hits you but does no damage.
The goblin hits you but does no damage.
You closely miss the goblin. The bat misses you.
You hit the bat.
You kill the bat!
The goblin hits you but does no damage.
You hit the dart slug.
The dart slug is moderately wounded.
The goblin hits you but does no damage.
You hit the dart slug but do no damage.
You bite the dart slug, but do no damage.
The dart slug is moderately wounded.
The goblin closely misses you. The dart slug bites you.
You hit the dart slug.
The dart slug is heavily wounded.
The goblin hits you with a +0 dagger.
The dart slug bites you but does no damage.
You hit the dart slug but do no damage.
The dart slug is heavily wounded.
The goblin hits you with a +0 dagger.
* * * LOW HITPOINT WARNING * * *
You hit the dart slug.
You kill the dart slug!
The goblin completely misses you.
You hit the goblin.
The goblin is moderately wounded.
The goblin closely misses you.
You hit the goblin.
You kill the goblin!
You have reached level 3!
Your experience leads to an increase in your attributes!
Increase (S)trength, (I)ntelligence, or (D)exterity?
You feel clever.
Memorise Regeneration, consuming 3 spell levels and leaving 3?
You start memorising the spell.
You continue memorising. x3
You finish memorising.
Spell assigned to 'r'.
Memorise Spectral Weapon, consuming 3 spell levels and leaving 0?
You start memorising the spell.
You continue memorising. x3
You finish memorising.
Spell assigned to 'w'.
A frilled lizard comes into view.
The frilled lizard hisses angrily.
Found 12 gold pieces.
Things that are here:
a +0 dagger; a goblin corpse
Items here: )) [ †† a +0 club; a +0 leather armour; a +0 dagger; a bat corpse a giant cockroach corpse Unknown command.
Found 18 sling bullets.
Found 8 gold pieces.
You see here a ration.
You eat the ration.
That ration really hit the spot!
You see here 18 sling bullets.
f - 18 sling bullets You see here 12 gold pieces.
Casting: Infusion (safe; 2% risk of failure)
Confirm with . or Enter, or press ? or * to list all spells.
You begin infusing your attacks with magical energy.
You closely miss the frilled lizard. You closely miss the frilled lizard.
You bite the frilled lizard, but do no damage.
The frilled lizard closely misses you.
You hit the frilled lizard!
You kill the frilled lizard!
You now have 12 gold pieces.
Unknown command.
Unknown command.
You open the door.
Your magical infusion is running out.
You open the door.
Unknown command.
There is an open door here.
Found a scroll labeled MIAR JORIFYXI.
Are you sure you want to abandon this character and quit the game? (Confirm with "yes".)

#.#.# #..# #.#.#
##.###
#...#######)).#
##..#.........#
###..#.###.###.#
######...>#.#....$#.#
..........#.##...##.#
.?........#.#.....#.#
.......@..#.#######.#
..........#.........#
..........####.....##
..........'...'....#
..........#####....#
..........# .####
########### .# .# ..


There were no monsters in sight!

Vanquished Creatures
  A dart slug (D:1)
  3 bats (D:1)
  3 giant cockroaches (D:1)
  4 goblins (D:1)
  3 hobgoblins (D:1)
  3 frilled lizards (D:1)
  A kobold (D:1)
  A rat (D:1)
19 creatures vanquished.

Notes
Turn   | Place    | Note
-------+----------+-------------------------------------------
     0 | D:1      | tidbits the Gnoll Skald began the quest for the Orb.
     0 | D:1      | Reached XP level 1. HP: 20/20 MP: 6/6
    62 | D:1      | Reached XP level 2. HP: 24/26 MP: 0/7
    70 | D:1      | Learned a level 2 spell: Song of Slaying
    73 | D:1      | Learned a level 2 spell: Shroud of Golubria
   144 | D:1      | Reached XP level 3. HP: 15/31 MP: 2/9
   149 | D:1      | Learned a level 3 spell: Regeneration
   153 | D:1      | Learned a level 3 spell: Spectral Weapon
   190 | D:1      | Quit the game

Action                   || total
-------------------------++-------
Melee: Spear             ||    58
       Bite              ||     6
 Cast: Infusion          ||     4
  Eat: Ration            ||     1
Armor: Leather armour    ||    13
Dodge: Dodged            ||    37

Table legend:
 A = Turns spent in this place as a percentage of turns spent in the entire game.
 B = Non-inter-level travel turns spent in this place as a percentage of non-inter-level travel turns spent in the entire game.
 C = Inter-level travel turns spent in this place as a percentage of turns spent in this place.
 D = Turns resting spent in this place as a percentage of non-inter-level travel turns spent in this place.
 E = Turns spent auto-exploring this place as a percentage of non-inter-level travel turns spent in this place.
 F = Non-inter-level travel turns spent in this place divided by the number of levels of this place that you've seen.
                   A       B       C       D       E      F
               +-------+-------+-------+-------+-------+----------------------
         Total | 100.0 | 100.0 |   0.0 |   0.0 |   0.0 | 190.0
       Dungeon | 100.0 | 100.0 |   0.0 |   0.0 |   0.0 | 190.0
               +-------+-------+-------+-------+-------+----------------------

Table legend:
 A = Kills in this place as a percentage of kills in entire the game.
 B = Kills by you in this place as a percentage of kills by you in the entire game.
 C = Kills by friends in this place as a percentage of kills by friends in the entire game.
 D = Other kills in this place as a percentage of other kills in the entire game.
 E = Experience gained in this place as a percentage of experience gained in the entire game.
 F = Experience gained in this place divided by the number of levels of this place that you have seen.
                   A       B       C       D       E      F
               +-------+-------+-------+-------+-------+----------------------
         Total | 100.0 | 100.0 |   N/A |   N/A | 100.0 |  35.0
       Dungeon | 100.0 | 100.0 |   N/A |   N/A | 100.0 |  35.0
               +-------+-------+-------+-------+-------+----------------------

Levels and vault maps discovered:
D:1:      lemuel_arrival_behind_the_door_large, layout_basic, serial_glass,
          glass_columns_a, glass_columns_a, minmay_split_cup_large
